 Seeded DCSS version 0.30-a0-859-gf88a04b62d (webtiles) character file.

Game seed: 8796237800415217726 (custom seed)

1 BigDaddyOpFi the Chopper (level 1, 19/19 HPs)
             Began as a Hill Orc Monk on Mar 6, 2023.
             Got out of the dungeon alive.
             The game lasted 00:00:36 (69 turns).

BigDaddyOpFi the Chopper (Hill Orc Monk)              Turns: 69, Time: 00:00:37

Health: 19/19      AC:  2    Str: 13    XL:     1   Next: 20%
Magic:  1/1        EV: 17    Int: 10    God:
Gold:   1032       SH:  0    Dex: 13    Spells: 0/0 levels left

rFire   . . .      SeeInvis .    a - +0 hand axe
rCold   . . .      Faith    .    (no shield)
rNeg    . . .      Spirit   .    b - +0 robe
rPois   .          Reflect  .    (no helmet)
rElec   .          Rampage  .    (no cloak)
rCorr   .                        (no gloves)
Will    .....                    (no boots)
Stlth   ++                       (no amulet)
HPRegen 0.23/turn                e - +5 ring of evasion
MPRegen 0.07/turn                (no ring)

@: no status effects
A: no striking features
a: no special abilities


You escaped.
You visited 1 branch of the dungeon, and saw 1 of its levels.

You collected 1032 gold pieces.

Inventory:

Hand Weapons
 a - a +0 hand axe (weapon)
Armour
 b - a +0 robe (worn)
Jewellery
 e - a +5 ring of evasion (left hand)
Scrolls
 d - a scroll of acquirement
Potions
 c - a potion of ambrosia


   Skills:
 + Level 3.6 Fighting
 + Level 4.0 Axes
 + Level 2.4 Dodging
 + Level 1.6 Stealth


You couldn't memorise any spells.
You didn't know any spells.
Your spell library was empty.

Dungeon Overview and Level Annotations

Branches:
Dungeon (1/15)

Altars:

Shops:
D:1 :


Message History

Press ? for a list of commands and other information.
Found a staircase leading out of the dungeon.
There is an empty arch of ancient stone here.
Found a purple potion.
Found an escape hatch in the floor.
A ball python comes into view.
Found an escape hatch in the floor.
The ball python hisses angrily.
You barely miss the ball python. The ball python barely misses you.
The ball python misses you. x2; The ball python barely misses you.
You hit the ball python.
You kill the ball python!
Found 19 gold pieces.
Found Veoliky's Book Emporium.
You see here a ball python corpse.
Found 3 scrolls labelled INYSAVINALE.
A rat comes into view.
You see here 19 gold pieces.
Found a grey potion.
The helpless rat fails to defend itself.
You hit the rat but do no damage. The rat bites you.
You hit the rat.
You kill the rat!
d - 3 scrolls labelled INYSAVINALE
There are no items here.
This is a scroll of acquirement!
Something appears at your feet!
e - a +5 ring of evasion
e - a +5 ring of evasion (left hand)
Something appears at your feet!
You now have 1013 gold pieces.
Unknown command.
You now have 1032 gold pieces (gained 19).
There is an escape hatch in the floor here.
You see here a ball python corpse.
There is an empty arch of ancient stone here.
There is a staircase leading out of the dungeon here.
You can't go down here!
Are you sure you want to leave the Dungeon?
This will make you lose the game!
You have escaped!

.. .# . ♣♣♣♣.
♣. ∩∩.♣♣ ♣♣∩
..∩♣♣
♣∩..♣♣♣..∩♣
♣∩...@...∩♣
♣∩..♣♣♣..∩♣ ..
.
♣♣∩.....∩♣♣..#
⌠.
♣♣♣∩.∩♣♣♣♣.>
#.♣♣♣♣.♣♣♣♣.#
#..♣♣.♣♣!.# ##
#.......# #.#
.. ###..#..#
#.####.#
##...##
#.#....#


There were no monsters in sight!

Vanquished Creatures
  A ball python (D:1)
  A rat (D:1)
2 creatures vanquished.

Notes
Turn   | Place    | Note
-------+----------+-------------------------------------------
     0 | D:1      | BigDaddyOpFi the Hill Orc Monk began the quest for the Orb.
     0 | D:1      | Reached XP level 1. HP: 19/19 MP: 1/1
    15 | D:1      | Found Veoliky's Book Emporium.
    37 | D:1      | Identified 3 scrolls of acquirement
    37 | D:1      | Acquired a +5 ring of evasion
    40 | D:1      | Acquired 1013 gold pieces
    69 | D:$      | Got out of the dungeon alive.

Illustrated notes

Levels and vault maps discovered:
D:1:      heliophobic_arrival_henge, layout_rooms, serial_shops, shop_statue

Action                     || total
---------------------------++-------
  Melee: Hand axe          ||     4
    Use: Scroll            ||     2
   Stab: Sleeping          ||     1
  Dodge: Dodged            ||     4

Table legend: (Time is in decaauts)
 A = Elapsed time spent in this place.
 B = Non-inter-level travel time spent in this place.
 C = Inter-level travel time spent in this place.
 D = Time resting spent in this place.
 E = Time spent auto-exploring this place.
 F = Levels seen in this place.
 G = Mean time per level.
                   A        B        C        D        E       F      G
               +--------+--------+--------+--------+--------+-----+--------+
         Total |     68 |     50 |     18 |      0 |      0 |   1 |   68.0 |
       Dungeon |     68 |     50 |     18 |      0 |      0 |   1 |   68.0 |
               +--------+--------+--------+--------+--------+-----+--------+

Top non-repeatable levels by time:
     D:1: 68 daAuts
